 Dungeon Crawl Stone Soup version 0.28.0-62-gf88900778d (webtiles) character file.

Game seed: 10521802986539026585

8025 tkbsonic5 the Skirmisher (level 11, -40/81 HPs)
             Began as a Djinni Warper on July 9, 2023.
             Was a Priest of Okawaru.
             Killed from afar by an ironbound thunderhulk (56 damage)
             ... with a bolt of lightning
             ... summoned by a worldbinder
             ... on level 2 of the Abyss.
             The game lasted 00:44:27 (15168 turns).

tkbsonic5 the Skirmisher (Djinni Warper)           Turns: 15168, Time: 00:44:28

Health: -40/81     AC: 15    Str: 14    XL:     11   Next: 48%
Gold:   387        EV: 11    Int: 18    God:    Okawaru [***...] SH:  0 Dex: 12

rFire   + + .      SeeInvis .   u - +7 staff of the Meek {protect, meekguard, (10,17@)}
rCold   x . .      Faith    .   (shield currently unavailable)
rNeg    + + +      Spirit   .   w - +4 scale mail of Watchfulness {rPois rN+++ Int-4 Dex+4}
rPois   ∞          Reflect  .   K - +0 helmet
rElec   .          Harm     .   g - +2 cloak
rCorr   .          Rampage  .   s - +0 pair of gloves
Will    +....      Rage     1%  (boots unavailable)
Stlth   ..........              (no amulet)
HPRegen 0.23/turn               S - +6 ring of intelligence
MPRegen 0.00/turn               (no ring)

@: flying
A: sickness immunity, fire resistance 2, cold vulnerability 1, float, innate
caster, HP casting, extra vitality 1, berserk 1, no potion heal 1, [clumsy 2],
[screaming 2]
a: Renounce Religion, Heroism


You were on level 2 of the Abyss.
You worshipped Okawaru.
Okawaru was most pleased with you.
You visited 1 branch of the dungeon, and saw 10 of its levels.
You visited the Abyss 1 time.

You collected 540 gold pieces.
You spent 153 gold pieces at shops.

Inventory:

Hand Weapons
 h - a +0 hunting sling
 l - a +0 shortbow
 m - a +1 hand crossbow of venom
 q - a +2 spear of venom
 u - the +7 staff of the Meek (weapon) {protect, meekguard, (10,17@)}
   (You found it on level 4 of the Dungeon)

   It grants its wielder temporary protection when it strikes (+7 to AC).
   It provides extra protection to wielders with little health.
 E - a +0 whip of flaming
 H - a +0 morningstar
 N - a +1 dagger of electrocution
 O - a +0 vorpal halberd
 Q - a +1 hand axe of holy wrath
 U - a +1 hand axe of freezing
Missiles
 j - 10 bolts
 k - 3 poisoned darts
 n - 56 arrows
 o - 87 sling bullets
 t - 10 boomerangs
 P - 5 atropa-tipped darts
Armour
 a - the +2 robe of Filth {rCorr Int+5 Stlth+}
   (You found it on level 7 of the Dungeon)

   Int:       It affects your intelligence (+5).
   rCorr:     It protects you from acid and corrosion.
   Stlth:     It makes you more stealthy.
 b - a +0 leather armour
 g - a +2 cloak (worn)
 s - a +0 pair of gloves (worn)
 w - the +4 scale mail of Watchfulness (worn) {rPois rN+++ Int-4 Dex+4}
   (You found it on level 5 of the Dungeon)

   Int:       It affects your intelligence (-4).
   Dex:       It affects your dexterity (+4).
   rPois:     It protects you from poison.
   rN:        It renders you almost immune to negative energy.
 x - a +2 buckler
 I - +0 acid dragon scales
 J - a +0 scale mail
 K - a +0 helmet (worn)
 L - +0 steam dragon scales
 T - a +0 helmet
Magical Staves
 F - a staff of poison
Jewellery
 S - a +6 ring of intelligence (left hand)
Wands
 c - a wand of flame (16) (quivered)
 e - a wand of mindburst (15)
 p - a wand of digging (6)
 A - a wand of polymorph (22)
 G - a wand of iceblast (10)
 R - a wand of acid (3)
Potions
 d - a potion of invisibility
 r - 2 potions of brilliance
 v - 2 potions of cancellation
 C - a potion of attraction
 V - a potion of resistance


   Skills:
 * Level 7.8 Fighting
 - Level 3.4 Long Blades
 * Level 6.3 Staves
 - Level 3.4(3.7) Slings
 - Level 3.7 Crossbows
 - Level 2.2(3.1) Throwing
 * Level 1.8 Armour
 * Level 6.2 Dodging
 * Level 6.1 Spellcasting
 + Level 6.2 Invocations
 + Level 1.1 Evocations


You couldn't memorise any spells.
You knew the following spells:

 Your Spells              Type           Power      Damage    Failure   Level
a - Blink                 Tloc           54%        N/A       6%          2
b - Lesser Beckoning      Tloc           27%        N/A       12%         3
c - Gell's Gravitas       Tloc           27%        N/A       12%         3
d - Teleport Other        Tloc           27%        N/A       12%         3
e - Manifold Assault      Tloc           27%        N/A       75%         5
f - Summon Small Mammal   Summ           100%       N/A       4%          1
g - Poisonous Vapours     Pois/Air       54%        N/A       6%          2
h - Ozocubu's Armour      Ice            27%        N/A       12%         3
i - Petrify               Tmut/Erth      27%        N/A       38%         4
j - Flame Wave            Conj/Fire      27%        2d7       38%         4
Your spell library was empty.

Dungeon Overview and Level Annotations

Branches:
Dungeon (10/15)            Temple (0/1) D:6
   Lair: D:8-11         Orc: D:9-12

Altars:
Ashenzari
Fedhas
Okawaru
Qazlal
Uskayaw
Vehumet
Wu Jian
Yredelemnul
Beogh

Shops:
D:2 [[*(   D:3 *(?

Annotations:
D:6 3 runed translucent doors, TittyCrusher's ghost, novice GrEE
D:10 Psyche


Innate Abilities, Weirdness & Mutations

You are immune to sickness and miasma.
You are immune to poison.
Your flesh is very heat resistant. (rF++)
You are vulnerable to cold. (rC-)
You float through the air rather than walking.
You learn spells naturally, not from books.
Your magical power is your life essence.
You have superior vitality. (+4 MHP)
You tend to lose your temper in combat.
Potions are less effective at restoring your health.
[You are very clumsy. (Dex -4)]
[You frequently scream uncontrollably at your foes.]


Message History

The quasit claws you but does no damage. x2
The quasit bites you but does no damage.
The quasit closely misses you. x2
The quasit bites you.
* * * LOW HITPOINT WARNING * * *
The quasit claws you but does no damage. x2
The quasit barely misses you. The quasit closely misses you.
The quasit barely misses you.
The quasit bites you but does no damage.
The quasit claws you but does no damage. x2
The quasit completely misses you.
The quasit claws you but does no damage.
The quasit barely misses you.
The quasit bites you but does no damage.
The quasit claws you but does no damage. x2
The quasit closely misses you. The quasit misses you.
The quasit closely misses you.
The hellwing swoops through the air toward you!
The hellwing hits you.
* * * LOW HITPOINT WARNING * * *
The hellwing hits you.
* * * LOW HITPOINT WARNING * * *
You barely miss the hellwing.
The quasit bites you but does no damage.
The quasit claws you but does no damage.
The quasit closely misses you. The quasit misses you.
The quasit claws you but does no damage. x2
The hellwing misses you.
The hellwing hits you but does no damage.
Casting: Blink (safe; 6% risk of failure)
Confirm with . or Enter, or press ? or * to list all spells.
You blink.
* * * LOW HITPOINT WARNING * * *
The worldbinder hits you but does no damage. x2
The worldbinder calls forth creatures from the Vaults!
You feel stable enough to blink again.
Electricity crackles from the ironbound thunderhulk's apparatus.
The bolt of lightning hits you!!!
Ouch! That really hurt!
You die...

.# ..# # #..# ##. ...#.
## ##..## .....## # .
#..# ##...#. #.. .. #.#
# ... #......#.# .....#
.. #.. . #.#@# ##...# #
.# .#.. #x#..##... .. #
......######W####... #
# #..## .##..O# ...
#### . ##.#.#..5u5##x#.
..... .
#.4§.X#..##......#.#.##
#..#.X##.#X###.... #
.#.## #......#..#.# .##
...##.. .
#.###.#........##....#
#


You could see a cyan very ugly thing (summoned), an ironbound thunderhulk
(summoned), a worldbinder, a wraith and a quasit.

Vanquished Creatures
  3 two-headed ogres
  Pikel (D:7)
  A gargoyle (D:10)
  Maggie (D:7)
  A polar bear (shapeshifter) (D:9)
  A small abomination (Abyss:2)
  2 shadows
  5 humans (D:8)
  A fire bat (Abyss:2)
  A neqoxec (Abyss:2)
  Grum (D:10)
  Menkaure (D:7)
  A steam dragon (D:8)
  2 water moccasins
  An acid dragon (D:10)
  An orc warrior (D:8)
  4 sky beasts
  2 ice beasts
  2 ogres (D:5)
  2 centaurs
  4 wolves (D:10)
  2 lemures (D:7)
  Blork the orc (D:6)
  3 bullfrogs
  2 gnoll sergeants (D:8)
  2 kobold brigands
  A scorpion (D:5)
  An electric eel (D:10)
  7 howler monkeys
  4 centaur zombies
  2 hounds
  A lava snake (D:10)
  A centaur skeleton (D:4)
  A jelly (D:7)
  2 bullfrog skeletons (D:6)
  5 orc priests
  3 iguanas
  8 orc wizards
  A howler monkey zombie (D:10)
  10 adders
  12 gnolls
  A shadow imp (D:5)
  A white imp (Abyss:2)
  2 worms (D:2)
  2 dart slugs
  27 orcs
  4 bats
  10 endoplasms
  7 goblins
  6 hobgoblins
  2 jackals (D:4)
  11 kobolds
  4 quokkas
  3 ball pythons
  6 frilled lizards
  2 rats (D:3)
195 creatures vanquished.

Vanquished Creatures (others)
  A fungus (D:6)
  A lurking horror (Abyss:2)
  4 plants
  10 starspawn tentacles (Abyss:2)
16 creatures vanquished.

Grand Total: 211 creatures vanquished

Notes
Turn   | Place    | Note
-------+----------+-------------------------------------------
     0 | D:1      | tkbsonic5 the Djinni Warper began the quest for the Orb.
     0 | D:1      | Reached XP level 1. HP: 18/18 MP: 0/0
   285 | D:1      | Reached XP level 2. HP: 14/23 MP: 0/0
  1170 | D:1      | Found a faded altar of an unknown god.
  1452 | D:2      | Found Ipaef's Armour Shop.
  1469 | D:2      | Reached skill level 1 in Throwing
  1469 | D:2      | Reached XP level 3. HP: 23/28 MP: 0/0
  1469 | D:2      | Learned a level 1 spell: Summon Small Mammal
  1553 | D:2      | Found Xuliff's Antique Weapon Boutique.
  1602 | D:2      | Found Joilum's Assorted Antiques.
  1780 | D:2      | Reached XP level 4. HP: 33/34 MP: 0/0
  1925 | D:2      | Found Utaq's Antique Armour Shoppe.
  2500 | D:3      | Found Inlimoideu's Assorted Antiques.
  2508 | D:3      | Bought a potion of curing for 93 gold pieces
  2623 | D:3      | Reached XP level 5. HP: 29/39 MP: 0/0
  2623 | D:3      | Learned a level 2 spell: Poisonous Vapours
  2713 | D:3      | Found Liniapru's Magic Scroll Boutique.
  2837 | D:3      | Found an iron altar of Okawaru.
  2982 | D:3      | Became a worshipper of Warmaster Okawaru
  3049 | D:3      | Found Nungua's Weapon Shoppe.
  3405 | D:4      | Found a blossoming altar of Fedhas.
  3585 | D:4      | You are sucked into a shaft and drop 2 floors!
  3585 | D:6      | Noticed a sky beast
  3591 | D:5      | Entered Level 5 of the Dungeon
  3737 | D:4      | Found a broken altar of Ashenzari.
  3969 | D:4      | HP: 2/40 [orc priest/divine providence (16)]
  4204 | D:4      | Reached skill level 1 in Slings
  4204 | D:4      | Reached XP level 6. HP: 40/45 MP: 0/0
  4213 | D:4      | Reached skill level 3 in Fighting
  4405 | D:2      | Bought a scroll of teleportation for 60 gold pieces
  4613 | D:4      | Found the +7 staff of the Meek {protect, meekguard}
  5099 | D:5      | Identified the +4 scale mail of Watchfulness {rPois rN+++
                  | Int-4 Dex+4}
  5154 | D:5      | Noticed a centaur warrior zombie
  5174 | D:5      | Killed a centaur warrior zombie
  5174 | D:5      | Reached * piety under Okawaru
  5174 | D:5      | Reached ** piety under Okawaru
  5175 | D:5      | Reached skill level 4 in Fighting
  5175 | D:5      | Reached XP level 7. HP: 36/53 MP: 0/0
  5175 | D:5      | Learned a level 3 spell: Ozocubu's Armour
  5312 | D:5      | Reached XP level 8. HP: 48/58 MP: 0/0
  5577 | D:5      | Reached skill level 1 in Invocations
  6237 | D:5      | Reached skill level 5 in Fighting
  6409 | D:6      | Noticed Blork the orc
  6440 | D:6      | Killed Blork the orc
  6583 | D:6      | Found a runed translucent gate.
  6583 | D:6      | Found a runed translucent gate.
  6583 | D:6      | Found a runed translucent gate.
  6583 | D:6      | Noticed TittyCrusher's ghost (novice GrEE)
  6846 | D:6      | Reached *** piety under Okawaru
  6916 | D:6      | Reached XP level 9. HP: 48/65 MP: 0/0
  6916 | D:6      | Learned a level 4 spell: Petrify
  7312 | D:6      | Found a staircase to the Ecumenical Temple.
  8343 | D:7      | Reached skill level 6 in Fighting
  8367 | D:7      | Identified the +2 robe of Filth {rCorr Int+5 Stlth+}
  8367 | D:7      | Noticed Menkaure
  8374 | D:7      | Killed Menkaure
  8484 | D:7      | Noticed a +0 hand axe
  8485 | D:7      | Found a hide-covered altar of Uskayaw.
  8485 | D:7      | Noticed a +0 hand axe
  8632 | D:7      | Noticed Pikel
  8647 | D:7      | Killed Pikel
  8647 | D:7      | Received a gift from Okawaru
  8647 | D:7      | Reached **** piety under Okawaru
  8648 | D:7      | Reached skill level 1 in Crossbows
  8648 | D:7      | Reached skill level 5 in Spellcasting
  8716 | D:7      | Reached XP level 10. HP: 58/73 MP: 0/0
  9088 | D:7      | Noticed Maggie
  9103 | D:7      | Killed Maggie
  9104 | D:7      | Reached skill level 5 in Staves
  9352 | D:8      | Found an ornate altar of the Wu Jian Council.
  9435 | D:8      | Received a gift from Okawaru
  9436 | D:8      | Reached skill level 5 in Invocations
  9779 | D:8      | HP: 1/73 [orc wizard/+1 dagger of electrocution (12)]
  9781 | D:8      | Found a basalt altar of Yredelemnul.
 10816 | D:8      | Reached skill level 5 in Dodging
 10823 | D:8      | Reached skill level 7 in Fighting
 11292 | D:8      | Found a stormy altar of Qazlal.
 11507 | D:9      | Noticed a two-headed ogre
 11515 | D:9      | Killed a two-headed ogre
 11515 | D:9      | Received a gift from Okawaru
 11691 | D:9      | Reached skill level 1 in Evocations
 11773 | D:9      | Noticed a cane toad
 11777 | D:9      | a cane toad changed into a polar bear
 11791 | D:9      | Reached XP level 11. HP: 55/79 MP: 0/0
 11791 | D:9      | Learned a level 4 spell: Flame Wave
 12189 | D:9      | Noticed a two-headed ogre
 12204 | D:9      | Killed a two-headed ogre
 12532 | D:10     | Entered Level 10 of the Dungeon
 12537 | D:10     | Received a gift from Okawaru
 14197 | D:10     | Noticed a two-headed ogre
 14201 | D:10     | Noticed Psyche
 14229 | D:10     | Killed a two-headed ogre
 14320 | D:10     | Noticed Grum
 14337 | D:10     | Killed Grum
 14505 | D:10     | Cast into level 2 of the Abyss (Psyche)
 14566 | Abyss:2  | Noticed a wretched star
 14994 | Abyss:2  | Gained mutation: Potions are less effective at restoring
                  | your health. [a neqoxec]
 14995 | Abyss:2  | Gained mutation: You tend to lose your temper in combat. [a
                  | neqoxec]
 15035 | Abyss:2  | Noticed a tentacled starspawn
 15062 | Abyss:2  | Noticed a large abomination
 15071 | Abyss:2  | Noticed a worldbinder
 15072 | Abyss:2  | Noticed a cyan very ugly thing
 15072 | Abyss:2  | Noticed a brown very ugly thing
 15086 | Abyss:2  | Noticed a brown very ugly thing
 15091 | Abyss:2  | Noticed an ironbound thunderhulk
 15091 | Abyss:2  | Noticed a cyan very ugly thing
 15091 | Abyss:2  | Noticed a brown very ugly thing
 15117 | Abyss:2  | Noticed an ironbound thunderhulk
 15122 | Abyss:2  | Noticed a green very ugly thing
 15124 | Abyss:2  | Noticed a cyan very ugly thing
 15125 | Abyss:2  | Noticed a white very ugly thing
 15125 | Abyss:2  | Noticed a cyan very ugly thing
 15128 | Abyss:2  | Noticed a sixfirhy
 15167 | Abyss:2  | Noticed an ironbound thunderhulk
 15167 | Abyss:2  | Noticed a cyan very ugly thing
 15168 | Abyss:2  | Killed from afar by an ironbound thunderhulk

Illustrated notes

Levels and vault maps discovered:
D:1:      doesnt_arrival_eight_statues, layout_basic,
          shapermc_ecumenical_altar_petra
D:2:      layout_basic, serial_shops, shop, nicolae_diamond_shop, shop_statue,
          nicolae_shop_hallway_plus
D:3:      layout_loops_ring, lemuel_coloured_pillars_altar, serial_shops, shop,
          nicolae_shop_statue_plus, nicolae_shop_window_shopping
D:4:      layout_basic, nicolae_ashenzari_panopticon, general_overflow_altar,
          pf_guarded_unrand_meek
D:5:      cheibrodos_helix_gallery, layout_basic, minmay_misc_feat_ornament
D:6:      layout_loops_ring, minmay_temple_entry_statues,
          gammafunk_ghost_nasty_kobolds, kennysheep_generic_room_10,
          uniq_blork_the_orc
D:7:      layout_loops_ring, mainiacjoe_overflow_alcove_4,
          dancing_weapons_uskayaw, uniq_menkaure, uniq_maggie, uniq_pikel
D:8:      layout_cave_pools, nzn_wu_jian_contemplation,
          mainiacjoe_overflow_paths, nicolae_qazlal_style_of_elements,
          minmay_ruffians
D:9:      layout_grid_maze
D:10:     layout_loops_cross, nicolae_trove_entry_crystal,
          nicolae_lava_and_water, uniq_psyche, uniq_grum
Abyss:2:  base: D:10, hangedman_abyss_or_decor_lesser_grid,
          evilmike_abyss_exit_10, evilmike_abyss_exit_vortex,
          evilmike_abyss_exit_vortex, abyss_greek_temple

Skill      XL: |  1  2  3  4  5  6  7  8  9 10 11 |
---------------+----------------------------------+-----
Long Blades    | 2 3 |  3.4
Throwing       | 1 2 |  2.2
Spellcasting   | 3 4 5 6 |  6.1
Slings         | 1 2 3 |  3.4
Fighting       | 4 5 6 7 |  7.8
Staves         | 2 3 4 5 6 |  6.3
Invocations    | 2 4 5 6 |  6.2
Dodging        | 3 5 6 |  6.2
Crossbows      | 1 3 |  3.7
Evocations     | 1 |  1.1
Armour         | |  1.8

Action                   |  1- 3 |  4- 6 |  7- 9 | 10-12 || total
-------------------------+-------+-------+-------+-------++-------
Melee: Falchion          |    63 |   113 |       |       ||   176
       Punch             |     1 |       |       |       ||     1
       Quarterstaff      |       |    25 |   152 |   240 ||   417
 Fire: Hunting sling     |       |    14 |     4 |     4 ||    22
       Hand crossbow     |       |       |     5 |   116 ||   121
Throw: Dart              |    38 |    40 |       |     8 ||    86
       Boomerang         |     2 |     2 |       |     2 ||     6
       Javelin           |       |       |       |     5 ||     5
 Cast: Blink             |     4 |     1 |     1 |    11 ||    17
       Summon Small Mamm |       |    12 |       |       ||    12
       Lesser Beckoning  |       |     1 |       |     5 ||     6
       Gell's Gravitas   |       |     1 |       |       ||     1
       Poisonous Vapours |       |    27 |    51 |    16 ||    94
       Ozocubu's Armour  |       |       |     2 |     4 ||     6
       Teleport Other    |       |       |       |     2 ||     2
Invok: Heroism           |       |       |     4 |    15 ||    19
       Finesse           |       |       |       |     4 ||     4
Evoke: Wand              |       |       |       |    10 ||    10
  Use: Scroll            |       |     7 |     5 |    16 ||    28
       Potion            |       |     2 |     3 |     7 ||    12
 Stab: Sleeping          |     2 |     1 |       |       ||     3
Armor: Leather armour    |    25 |    45 |       |       ||    70
       Scale mail        |       |    44 |   109 |   180 ||   333
       Skin              |       |       |       |     3 ||     3
Dodge: Dodged            |    33 |    96 |    66 |   175 ||   370
